 Dungeon Crawl Stone Soup version 0.30-a0-916-g9813417 (webtiles) character file.

Game seed: 11035669037039690445

2186 Dorkslayer the Covered (level 9, -1/49 HPs)
             Began as a Gargoyle Fighter on Apr 7, 2023.
             Was an Initiate of Gozag.
             Slain by an orc warrior
             ... wielding a +0 glaive
              (8 damage)
             ... in a bailey.
             The game lasted 00:24:24 (4159 turns).

Dorkslayer the Covered (Gargoyle Fighter)           Turns: 4159, Time: 00:24:25

Health: -1/49      AC: 22    Str: 21    XL:     9   Next: 33%
Magic:  9/9        EV:  7    Int: 10    God:    Gozag
Gold:   1114       SH: 10    Dex: 11    Spells: 8/8 levels left

rFire   . . .      SeeInvis +    t - +5 hand axe (drain)
rCold   . . .      Faith    .    c - +0 buckler
rNeg    + + .      Spirit   .    k - +0 plate armour
rPois   ∞          Reflect  +    (no helmet)
rElec   +          Rampage  .    e - +0 cloak
rCorr   .                        h - +0 pair of gloves
Will    .....                    o - +0 pair of boots Stlth
                                 j - amulet of reflection
HPRegen 0.28/turn                v - ring of positive energy
MPRegen 0.11/turn                f - ring of see invisible

@: no status effects
A: sickness immunity, AC +6, negative energy resistance 1, electricity
resistance, torment resistance 1, petrification resistance, frail 1
a: Renounce Religion, Potion Petition, Call Merchant, Bribe Branch


You were in a bailey.
You worshipped Gozag.
Gozag was most pleased with you.
You visited 1 branch of the dungeon, and saw 7 of its levels.
You also visited: Bailey.

You collected 1184 gold pieces.
You paid 70 gold pieces to Gozag.

Inventory:

Hand Weapons
 a - a +0 war axe
 t - a +5 hand axe of draining (weapon)
Missiles
 b - 2 silver boomerangs (quivered)
 s - 3 boomerangs
 B - a throwing net
Armour
 c - a +0 buckler (worn)
 e - a +0 cloak (worn)
 h - a +0 pair of gloves (worn)
 k - a +0 plate armour (worn)
 o - a +0 pair of boots (worn)
Jewellery
 f - a ring of see invisible (right hand)
 j - an amulet of reflection (around neck)
 v - a ring of positive energy (left hand)
Wands
 d - a wand of flame (5)
Potions
 m - 2 potions of lignification
 n - 3 potions of mutation
 q - a potion of attraction
 r - a potion of brilliance
 z - a potion of cancellation {unknown}
 A - a potion of berserk rage {unknown}
 C - a potion of degeneration {unknown}


   Skills:
 + Level 5.8 Fighting
 + Level 4.2 Axes
 + Level 5.9 Armour
 * Level 5.1 Dodging
 + Level 5.7 Shields
 * Level 4.6 Evocations


You had 8 spell levels left.
You didn't know any spells.
Your spell library contained the following spells:

 Spells                   Type           Power      Damage    Failure   Level
 Inner Flame              Hex/Fire       0%         N/A       100%        3
 Tukima's Dance           Hex            0%         N/A       100%        3
 Cause Fear               Hex            0%         N/A       100%        4
 Passage of Golubria      Tloc           0%         N/A       100%        4
 Yara's Violent Unravell  Hex/Tmut       0%         3d3       100%        5
 Discord                  Hex            0%         N/A       100%        8


Dungeon Overview and Level Annotations

Branches:
Dungeon (7/15)             Temple (0/1) D:7          Bailey (1/1)

Altars:
Cheibriados
Fedhas
Gozag
Yredelemnul

Annotations:
Bailey 2 runed translucent doors


Innate Abilities, Weirdness & Mutations

You are immune to sickness and miasma.
Your stone body is resilient. (AC +6)
You are immune to poison.
You resist negative energy. (rN+)
You are resistant to electric shocks. (rElec)
You are resistant to unholy torment.
You are immune to petrification.
You are frail. (-10% HP)


Message History

The silver boomerang hits the orc warrior.
The orc warrior is lightly wounded.
The orc warrior hits you from afar with a +0 halberd.
The orc warrior hits you with a +0 halberd!
You slash the orc warrior! You drain the orc warrior.
The orc warrior is heavily wounded.
You block the orc warrior's attack.
The orc knight roars a battlecry!
The orc warrior goes into a battle-frenzy!
You hit the orc warrior. You drain the orc warrior.
The orc warrior is severely wounded.
The orc warrior hits you but does no damage.
You closely miss the orc warrior.
The orc warrior is severely wounded.
The orc warrior hits you with a +0 halberd.
You hit the orc warrior but do no damage.
You drain the orc warrior.
The orc warrior is severely wounded.
The orc warrior hits you with a +0 halberd.
An orc comes into view. It is wielding a +0 halberd.
The orc shouts!
You hit the orc warrior but do no damage.
You drain the orc warrior.
The orc warrior is almost dead.
You hear a shout!
The orc warrior hits you with a +0 halberd!
* * * LOW HITPOINT WARNING * * *
The orc warrior hits you with a +0 halberd.
* * * LOW HITPOINT WARNING * * *
Okay, then.
You closely miss the orc warrior.
The orc warrior is almost dead.
You barely miss the orc warrior.
The orc warrior is almost dead.
You feel a little less clever now.
An orc warrior comes into view. It is wielding a +0 trident.
The orc warrior hits you but does no damage.
The orc warrior hits you from afar with a +0 glaive!
You die...
Your body crumbles into a pile of gold.

♣♣♣...♣♣..≈≈≈≈...##$$........
♣♣......♣..≈ ≈....#.$########
♣.........######...#.8# ..#
♣..∩...............#..# ..#
♣..................'.o# .+
♣..........o§......'..#$ +
♣..∩.......§.§§o..o#..#$
♣.........######o..#.8#
♣♣........o≈≈≈≈.@..#.o#
♣♣♣....♣..≈≈≈≈)♣.##..o
###.....≈≈≈≈...#.....
##.♣..≈≈≈≈♣..#$.#### $
#...≈≈≈≈≈♣..# #♣.≈≈≈≈≈♣♣....
♣♣≈≈≈≈≈♣ ♣..## ####### ###


You could see an orc knight, 3 orc warriors and an orc.

Vanquished Creatures
  A steam dragon (D:7)
  A water moccasin (D:7)
  3 sky beasts
  3 orc warriors
  4 ogres
  A phantom (D:6)
  4 scorpions
  3 hounds
  3 jellies (D:6)
  3 orc priests
  A gnoll bouda (D:6)
  3 iguanas
  8 orc wizards
  A scorpion zombie (D:3)
  2 hound zombies (D:3)
  6 adders
  A white imp (D:6)
  3 ufetubi
  28 orcs
  3 bats
  6 endoplasms
  4 giant cockroaches
  9 goblins
  3 hobgoblins
  3 jackals (D:2)
  A kobold (D:1)
  2 quokkas
  4 ball pythons
  A ball python zombie (D:3)
  4 frilled lizards
  A rat (D:2)
120 creatures vanquished.

Vanquished Creatures (others)
  An orc (D:6)
1 creature vanquished.

Grand Total: 121 creatures vanquished

Notes
Turn   | Place    | Note
-------+----------+-------------------------------------------
     0 | D:1      | Dorkslayer the Gargoyle Fighter began the quest for the
                  | Orb.
     0 | D:1      | Reached XP level 1. HP: 14/14 MP: 1/1
   177 | D:1      | Found a faded altar of an unknown god.
   194 | D:1      | Reached XP level 2. HP: 19/19 MP: 2/2
   609 | D:2      | Reached skill level 1 in Dodging
   873 | D:2      | Reached XP level 3. HP: 23/23 MP: 3/3
  1051 | D:3      | Found a basalt altar of Yredelemnul.
  1070 | D:3      | Reached XP level 4. HP: 22/29 MP: 4/4
  1346 | D:3      | Reached XP level 5. HP: 33/33 MP: 5/5
  1579 | D:4      | Gained mutation: You are frail. (-10% HP) [potion of
                  | mutation]
  1607 | D:4      | Reached XP level 6. HP: 21/34 MP: 6/6
  1841 | D:4      | Found an opulent altar of Gozag.
  1864 | D:4      | Became a worshipper of Gozag Ym Sagoz the Greedy
  1937 | D:4      | Found a blossoming altar of Fedhas.
  1937 | D:4      | Found a snail-covered altar of Cheibriados.
  2273 | D:5      | Entered Level 5 of the Dungeon
  2361 | D:5      | Reached skill level 1 in Evocations
  2436 | D:5      | Reached XP level 7. HP: 16/39 MP: 7/7
  3018 | D:6      | Reached skill level 5 in Armour
  3018 | D:6      | Reached XP level 8. HP: 35/43 MP: 8/8
  3244 | D:6      | Reached skill level 5 in Fighting
  3244 | D:6      | Reached skill level 5 in Shields
  3473 | D:6      | Reached XP level 9. HP: 39/48 MP: 9/9
  3772 | D:7      | Reached skill level 5 in Dodging
  3903 | D:7      | Found a staircase to the Ecumenical Temple.
  4023 | D:7      | Found a flagged portal.
  4043 | Bailey   | Entered a bailey
  4076 | Bailey   | Found a large runed translucent door.
  4076 | Bailey   | Found a large runed translucent door.
  4087 | Bailey   | Noticed an orc knight
  4159 | Bailey   | Slain by an orc warrior

Illustrated notes

Levels and vault maps discovered:
D:1:      dpeg_arrival_tiny_f, layout_basic, chequers_ecumenical_altar_island
D:2:      layout_rooms
D:3:      layout_rooms, nicolae_yredelemnul_corpse_copse
D:4:      layout_rooms, nicolae_gozag_seed_capital,
          amethyst_overflow_temple_binary, minmay_misc_feat_tower
D:5:      layout_rooms
D:6:      minmay_polygon_palace, layout_basic
D:7:      layout_basic, temple_fountains, enter_bailey_5
Bailey:   bailey_polearm_elven_captive_hellmonk, bailey

Skill      XL: |  1  2  3  4  5  6  7  8  9 |
---------------+----------------------------+-----
Axes           | 2 3 4 |  4.2
Dodging        | 1 2 3 4 5 |  5.1
Armour         | 4 5 |  5.9
Fighting       | 4 5 |  5.8
Shields        | 4 5 |  5.7
Evocations     | 1 2 4 |  4.6

Action                     |  1- 3 |  4- 6 |  7- 9 || total
---------------------------+-------+-------+-------++-------
  Melee: War axe           |    70 |   139 |       ||   209
         Hand axe          |       |    22 |   212 ||   234
  Throw: Boomerang         |       |       |    24 ||    24
  Evoke: Wand              |       |       |     7 ||     7
    Use: Potion            |       |     6 |    11 ||    17
         Scroll            |       |     3 |     7 ||    10
   Stab: Invisible         |       |     2 |     1 ||     3
 Armour: Scale mail        |    57 |    10 |       ||    67
         Chain mail        |       |   149 |    52 ||   201
         Plate armour      |       |       |   106 ||   106
  Dodge: Dodged            |    39 |   104 |    84 ||   227
  Block: Buckler           |    24 |    34 |    83 ||   141

Table legend: (Time is in decaauts)
 A = Elapsed time spent in this place.
 B = Non-inter-level travel time spent in this place.
 C = Inter-level travel time spent in this place.
 D = Time resting spent in this place.
 E = Time spent auto-exploring this place.
 F = Levels seen in this place.
 G = Mean time per level.
                   A        B        C        D        E       F      G
               +--------+--------+--------+--------+--------+-----+--------+
         Total |   4261 |   4261 |      0 |      0 |   1271 |   8 |  532.6 |
       Dungeon |   4137 |   4137 |      0 |      0 |   1271 |   7 |  591.0 |
        Bailey |    124 |    124 |      0 |      0 |      0 |   1 |  124.0 |
               +--------+--------+--------+--------+--------+-----+--------+

Top non-repeatable levels by time:
     D:6: 955 daAuts
     D:4: 760 daAuts
     D:1: 583 daAuts
     D:3: 503 daAuts
     D:2: 498 daAuts
     D:7: 418 daAuts
     D:5: 416 daAuts
  Bailey: 124 daAuts
